 Dungeon Crawl Stone Soup version 0.30-a0-125-g51eefa89be (webtiles) character file.

Game seed: 15088296044119020282

21525 juncz the Warrior (level 13, -14/112 HPs)
             Began as a Djinni Ice Elementalist on Sept 19, 2022.
             Was an Elder of Makhleb.
             Demolished by a frost giant
             ... wielding a +4 glaive of freezing
              (22 damage)
             ... in an ice cave.
             The game lasted 01:05:29 (21515 turns).

juncz the Warrior (Djinni Ice Elementalist)        Turns: 21515, Time: 01:05:30

Health: -14/112    AC:  7    Str:  7    XL:     13   Next: 20%
Gold:   615        EV: 12    Int: 21    God:    Makhleb [****..] SH:  5 Dex: 15

rFire   + . .      SeeInvis .    P - staff of cold
rCold   + + .      Faith    .    (no shield)
rNeg    . . .      Spirit   .    a - +0 robe
rPois   ∞          Reflect  +    c - +2 hat
rElec   .          Harm     .    l - +2 cloak
rCorr   .          Rampage  .    (no gloves)
Will    +....                    (boots unavailable)
Stlth   ++........               M - amulet of reflection
HPRegen 0.28/turn                f - ring of ice
MPRegen 0.00/turn                I - ring of protection from cold

@: flying, studying Evocations
A: sickness immunity, fire resistance 2, cold vulnerability 1, float, innate
caster, HP casting, extra vitality 1
a: Renounce Religion, Minor Destruction, Lesser Servant of Makhleb, Major
Destruction


You were in an ice cave.
You worshipped Makhleb.
Makhleb was greatly pleased with you.
You visited 2 branches of the dungeon, and saw 14 of its levels.
You also visited: Sewer, Bailey and Ice Cave.

You collected 755 gold pieces.
You spent 140 gold pieces at shops.

Inventory:

Hand Weapons
 d - a +0 short sword
 v - the +7 dagger "Tawn" {freeze, Drain Str+3 Dex+4}
   (You bought it in a shop on level 4 of the Dungeon)

   It freezes those it strikes, dealing additional cold damage.
   It can also slow down cold-blooded creatures.
   Str:       It affects your strength (+3).
   Dex:       It affects your dexterity (+4).
   Drain:     It drains your maximum health when unequipped.
 E - a +6 flail
Missiles
 e - 145 stones
Armour
 a - a +0 robe (worn)
 c - a +2 hat (worn)
 l - a +2 cloak (worn)
 F - a +0 cloak
Magical Staves
 P - a staff of cold (weapon)
Jewellery
 f - a ring of ice (left hand)
 I - a ring of protection from cold (right hand)
 M - an amulet of reflection (around neck)
 N - a +6 ring of intelligence
Wands
 q - a wand of light (24)
 y - a wand of paralysis (31)
 L - a wand of flame (21)
 S - a wand of iceblast (4)
Scrolls
 k - 2 scrolls of vulnerability
 m - 3 scrolls of enchant armour
 n - a scroll of teleportation
 o - a scroll of silence
 p - a scroll of brand weapon
 t - a scroll of poison
 x - 7 scrolls of enchant weapon
 A - 2 scrolls of fear
 H - 4 scrolls of butterflies {unknown}
 J - a scroll of torment {unknown}
Potions
 b - 2 potions of invisibility {unknown}
 g - 3 potions of mutation {unknown}
 h - 2 potions of degeneration {unknown}
 j - 2 potions of brilliance {unknown}
 r - 3 potions of might {unknown}
 s - 4 potions of heal wounds
 u - 2 potions of lignification {unknown}
 z - a potion of magic {unknown}
 B - a potion of attraction {unknown}
 C - 4 potions of curing {unknown}
 D - 4 potions of flight {unknown}
 G - 2 potions of haste {unknown}
 K - 2 potions of cancellation {unknown}
 R - a potion of ambrosia {unknown}
Miscellaneous
 w - a condenser vane
 Q - a phial of floods


   Skills:
 + Level 17.0 Fighting
 - Level 2.4 Dodging
 - Level 1.7 Stealth
 + Level 11.7 Spellcasting
 - Level 8.0 Evocations


You had 6 spell levels left.
You knew the following spells:

 Your Spells              Type           Power      Damage    Failure   Level
a - Freeze                Ice            100%       1d11      1%          1
b - Frozen Ramparts       Ice            100%       1d16      1%          3
c - Ozocubu's Armour      Ice            95%        N/A       1%          3
d - Hailstorm             Conj/Ice       95%        3d19      1%          4
e - Shock                 Conj/Air       100%       1d9       1%          1
f - Scorch                Fire           100%       2d10      1%          2
g - Dazzling Flash        Conj/Hex       100%       N/A       1%          3
h - Kindle Blastsparks    Fire/Tloc/Air  100%       2d18      1%          3
i - Summon Ice Beast      Ice/Summ       95%        N/A       1%          4
j - Metabolic Englaciati  Hex/Ice        47%        N/A       1%          5
Your spell library was empty.

Dungeon Overview and Level Annotations

Branches:
Dungeon (14/15)            Temple (1/1) D:4            Lair (0/5) D:9
  Sewer (visited)          Bailey (visited)           IceCv (1/1)
    Orc: D:9-12      Vaults: D:13-14

Altars:
Ashenzari
Cheibriados
Dithmenos
Elyvilon
Fedhas
Gozag
Hepliaklqana
Makhleb
Nemelex Xobeh
Okawaru
Qazlal
Ru
Trog
Uskayaw
Wu Jian
Xom
Yredelemnul
Zin
The Shining One

Shops:
D:4 (

Annotations:
IceCv exclusion: ice statue


Innate Abilities, Weirdness & Mutations

You are immune to sickness and miasma.
You are immune to poison.
Your flesh is very heat resistant. (rF++)
You are vulnerable to cold. (rC-)
You float through the air rather than walking.
You learn spells naturally, not from books.
Your magical power is your life essence.
You have superior vitality. (+4 MHP)


Message History

The death yak gores your ice beast!!
The death yak gores you but does no damage.
Your ice beast hits the death yak.
Your ice beast freezes the death yak!
The death yak dies!
Makhleb accepts your kill.
Your Fighting skill increases to level 17!
Casting: Scorch (safe; 1% risk of failure)
Confirm with . or Enter, or press ? or * to list all spells.
Flames lash the death yak.
The death yak is lightly wounded.
The death yak's fire resistance burns away.
* * * LOW HITPOINT WARNING * * *
You hear an angry hiss.
The rime drake bites you.
* * * LOW HITPOINT WARNING * * *
The death yak gores your ice beast!!
Your ice beast hits the death yak but does no damage.
Casting: Scorch (safe; 1% risk of failure)
Confirm with . or Enter, or press ? or * to list all spells.
Aiming: Shock (safe; 1% risk of failure)
Press: ? - help, Shift-Dir - straight line
Okay, then.
Blink to where?
Press: ? - help, Dir - move target Your icy armour will break if you move.
Continue?
Your icy armour cracks and falls away as you move.
As you read the scroll of blinking, it crumbles to dust.
The rime drake breathes ice at you. The flash freeze hits you!
You partially resist.
* * * LOW HITPOINT WARNING * * *
You are encased in ice.
The death yak gores your ice beast!!
Your ice beast dies!
Your ice beast disappears in a puff of smoke!
As you read the scroll of teleportation, it crumbles to dust.
You feel strangely unstable. The ice encasing you melts away.
Your surroundings suddenly seem different.
The frost giant hits you from afar with a +4 glaive of freezing!!
You die...

#### ##..## #....##
##.....## #.......##
##........# #........##
##### #..##C....#...###
##..##
#.....@##......###.....
##.....##.......#.C....
##...###....##....##..
#8.# #....####..#####
##. #.....# #### # ##
#....## ##..C## Y
#...## ### h# #..#.#
##.##


You could see a frost giant and an ice statue (unaware).

Vanquished Creatures
  3 two-headed ogres
  A death yak (IceCv)
  Pikel (D:5)
  A manticore (D:13)
  An unseen horror (D:7)
  Joseph (D:7)
  2 rime drakes (IceCv)
  A kobold demonologist (D:11)
  A troll (D:5)
  6 polar bears
  A human (shapeshifter) (D:13)
  A wyvern (D:9)
  14 yaks
  A spriggan (Bailey)
  4 wraiths
  Eustachio (D:4)
  2 steam dragons
  2 vampire mosquitoes (D:13)
  An acid dragon (Bailey)
  Duvessa (D:7)
  2 water moccasins
  6 ice beasts
  A sky beast (D:7)
  4 orc warriors
  2 centaurs
  3 wolves (IceCv)
  5 ogres
  A lemure (D:5)
  A kobold brigand (D:10)
  2 phantoms
  Blork the orc (D:5)
  5 bullfrogs
  2 necrophages (D:6)
  3 scorpions (D:6)
  9 wights
  A hornet simulacrum (D:8)
  Dowan (D:7)
  3 killer bees
  3 howler monkeys
  A jelly (D:4)
  2 gnoll boudas
  4 hounds
  Crazy Yiuf (D:5)
  5 orc priests
  6 iguanas
  Terence (D:2)
  6 orc wizards
  Ijyb (D:3)
  Robin (D:4)
  A killer bee simulacrum (D:8)
  15 gnolls
  18 adders
  7 river rats
  3 white imps
  4 ufetubi (D:8)
  2 worms
  3 dart slugs
  24 orcs
  12 bats
  13 endoplasms
  10 giant cockroaches
  11 goblins
  10 hobgoblins
  5 jackals
  8 kobolds
  20 quokkas
  17 ball pythons
  10 frilled lizards
  12 rats
334 creatures vanquished.

Vanquished Creatures (collateral kills)
  3 two-headed ogres
  3 death yaks (IceCv)
  A manticore (D:11)
  2 rime drakes (IceCv)
  2 ice devils (D:13)
  A spriggan (Bailey)
  A wyvern (D:8)
  4 yaks
  A steam dragon (D:10)
  A vampire mosquito (D:13)
  3 ogres (Bailey)
  2 wolves (IceCv)
  A centaur (D:9)
  A wight (D:10)
  4 killer bees
  2 orc priests
  An orc wizard (D:10)
  A killer bee simulacrum (D:8)
  3 orcs
  A kobold (D:10)
38 creatures vanquished.

Vanquished Creatures (others)
  2 fungi (D:5)
2 creatures vanquished.

Grand Total: 374 creatures vanquished

Notes
Turn   | Place    | Note
-------+----------+-------------------------------------------
     0 | D:1      | juncz the Djinni Ice Elementalist began the quest for the
                  | Orb.
     0 | D:1      | juncz set off with the following spells memorised: Freeze,
                  | Frozen Ramparts, Ozocubu's Armour, Hailstorm.
     0 | D:1      | Reached XP level 1. HP: 15/15 MP: 0/0
   306 | D:1      | Reached XP level 2. HP: 19/21 MP: 0/0
   687 | D:1      | Reached skill level 1 in Fighting
   870 | D:1      | Reached XP level 3. HP: 26/27 MP: 0/0
   870 | D:1      | Learned a level 1 spell: Shock
  1046 | D:2      | Found a faded altar of an unknown god.
  1304 | D:2      | Noticed Terence
  1313 | D:2      | Killed Terence
  1314 | D:2      | Reached skill level 2 in Fighting
  1314 | D:2      | Reached XP level 4. HP: 17/33 MP: 0/0
  1643 | D:2      | Found a glowing golden altar of the Shining One.
  2148 | D:3      | Noticed Ijyb
  2157 | D:3      | Paralysed by Ijyb for 3 turns
  2162 | D:3      | Reached XP level 5. HP: 13/39 MP: 0/0
  2162 | D:3      | Learned a level 2 spell: Scorch
  2165 | D:3      | Killed Ijyb
  2684 | D:3      | Reached skill level 3 in Fighting
  2690 | D:3      | Found a glowing drain.
  2694 | Sewer    | Entered a sewer
  3294 | Sewer    | Reached XP level 6. HP: 41/46 MP: 0/0
  4274 | Sewer    | Reached skill level 4 in Fighting
  4289 | Sewer    | Reached XP level 7. HP: 32/53 MP: 0/0
  4289 | Sewer    | Learned a level 3 spell: Dazzling Flash
  5282 | D:4      | Reached skill level 5 in Spellcasting
  5610 | D:4      | Noticed Eustachio
  5619 | D:4      | Reached skill level 5 in Fighting
  5629 | D:4      | Killed Eustachio
  5929 | D:4      | Reached XP level 8. HP: 55/60 MP: 0/0
  6170 | D:4      | Found Pezxoul's Antique Weapon Shoppe.
  6187 | D:4      | Bought an ichor-stained dagger for 140 gold pieces
  6187 | D:4      | Identified the +7 dagger "Tawn" {freeze, Drain Str+3 Dex+4}
                  | (You bought it in a shop on level 4 of the Dungeon)
  6217 | D:4      | Noticed Robin
  6223 | D:4      | Killed Robin
  6453 | D:4      | Found a staircase to the Ecumenical Temple.
  6741 | Temple   | Entered the Ecumenical Temple
  6750 | Temple   | Became a worshipper of Makhleb the Destroyer
  7030 | D:4      | Identified a scroll of acquirement
  7031 | D:4      | Acquired a manual of Fighting
  7173 | D:4      | Found a stormy altar of Qazlal.
  7256 | D:5      | Entered Level 5 of the Dungeon
  7285 | D:5      | Reached skill level 6 in Fighting
  7522 | D:5      | Noticed Pikel
  7533 | D:5      | Killed Pikel
  7534 | D:5      | Reached skill level 8 in Fighting
  7534 | D:5      | Reached XP level 9. HP: 30/71 MP: 0/0
  7534 | D:5      | Learned a level 3 spell: Kindle Blastsparks
  7935 | D:5      | Reached skill level 9 in Fighting
  7978 | D:5      | Found a hide-covered altar of Uskayaw.
  8107 | D:5      | Found a basalt altar of Yredelemnul.
  8390 | D:5      | Noticed Blork the orc
  8393 | D:5      | Killed Blork the orc
  8557 | D:5      | Reached * piety under Makhleb
  8574 | D:5      | Reached skill level 10 in Fighting
  9307 | D:5      | Noticed a troll
  9312 | D:5      | Killed a troll
  9730 | D:5      | Found a runed translucent door.
  9731 | D:5      | Noticed Crazy Yiuf
  9738 | D:5      | Killed Crazy Yiuf
 10241 | D:6      | Reached skill level 11 in Fighting
 10665 | D:6      | Reached XP level 10. HP: 79/83 MP: 0/0
 10759 | D:6      | Noticed a two-headed ogre
 10766 | D:6      | Killed a two-headed ogre
 10767 | D:6      | Reached skill level 12 in Fighting
 10772 | D:6      | HP: 3/84 [orc warrior/+0 glaive (3)]
 11744 | D:7      | Reached ** piety under Makhleb
 11844 | D:7      | Noticed Joseph
 11851 | D:7      | Killed Joseph
 11852 | D:7      | Reached skill level 13 in Fighting
 12240 | D:7      | Noticed a two-headed ogre
 12248 | D:7      | Killed a two-headed ogre
 12348 | D:7      | Reached skill level 1 in Evocations
 12348 | D:7      | Killed an unseen horror
 12417 | D:7      | Reached XP level 11. HP: 62/93 MP: 0/0
 12417 | D:7      | Learned a level 4 spell: Summon Ice Beast
 12803 | D:7      | Reached skill level 14 in Fighting
 12959 | D:7      | Noticed Dowan
 12962 | D:7      | Killed Dowan
 13001 | D:7      | Noticed Duvessa
 13008 | D:7      | Killed Duvessa
 14256 | D:8      | Reached skill level 5 in Evocations
 14258 | D:8      | Noticed a two-headed ogre
 14265 | D:8      | Killed a two-headed ogre
 14294 | D:8      | Reached *** piety under Makhleb
 14376 | D:8      | Found a flagged portal.
 14388 | Bailey   | Entered a bailey
 14811 | Bailey   | Reached skill level 15 in Fighting
 14818 | Bailey   | Noticed a two-headed ogre
 14823 | Bailey   | Killed a two-headed ogre
 15466 | D:8      | Reached skill level 10 in Spellcasting
 16755 | D:9      | Found a staircase to the Lair.
 16808 | D:9      | Reached XP level 12. HP: 90/103 MP: 0/0
 17276 | D:10     | Entered Level 10 of the Dungeon
 17632 | D:10     | Noticed a two-headed ogre
 17639 | D:10     | Killed a two-headed ogre
 18084 | D:10     | Reached **** piety under Makhleb
 18545 | D:11     | Reached skill level 16 in Fighting
 18724 | D:11     | Noticed a sun demon
 18810 | D:11     | You are sucked into a shaft and drop 3 floors!
 18817 | D:14     | Noticed a two-headed ogre
 18825 | D:14     | Killed a two-headed ogre
 18992 | D:13     | Found a frozen archway.
 19001 | IceCv    | Entered an ice cave
 19527 | IceCv    | Noticed a death yak
 19537 | IceCv    | Noticed a death yak
 19538 | IceCv    | Killed a death yak
 19539 | IceCv    | Reached XP level 13. HP: 103/111 MP: 0/0
 19539 | IceCv    | Learned a level 5 spell: Metabolic Englaciation
 19824 | IceCv    | Noticed a frost giant
 21509 | IceCv    | Reached skill level 17 in Fighting
 21515 | IceCv    | Demolished by a frost giant

Illustrated notes

Levels and vault maps discovered:
D:1:      dpeg_arrival_rooms_a, layout_rooms
D:2:      layout_basic, nicolae_ecumenical_snake_handling, basic_altar,
          uniq_terence
D:3:      minmay_bubble_buster, layout_basic, gup_sewer_entry_bowl, uniq_ijyb
D:4:      layout_basic, kennysheep_little_box, temple_statues, serial_shops,
          nicolae_shop_advertising_works [nicolae_subvault_shop_adworks],
          uniq_eustachio, uniq_robin
D:5:      lemuel_ratsnest, layout_loops_corners, jmf_multi_god_temple,
          minmay_door_square, uniq_crazy_yiuf_cottage, uniq_blork_the_orc,
          uniq_pikel
D:6:      layout_basic, serial_rivers, chequers_serial_rivers_large_a,
          chequers_serial_rivers_small_a, chequers_serial_rivers_marsh,
          chequers_serial_rivers_small_a, chequers_serial_rivers_micro_d,
          chequers_serial_rivers_small_b, kennysheep_generic_room_13
D:7:      layout_basic, minmay_manual_mail, uniq_joseph, uniq_duvessa
D:8:      layout_layer_cave, enter_bailey_1, serial_ice, serial_ice_j,
          serial_ice_g, serial_ice_a, serial_ice_m, kennysheep_generic_room_14
D:9:      layout_roguey, lair_entry_dummy, palyth_stone_intersect
D:10:     layout_loops_cross
D:11:     layout_basic
D:13:     layout_irregular_city, portal_ice_cave_demonic_guard,
          maelrawn_ghost_gauntlet_escape, uniq_maurice
D:14:     layout_rooms, david_vaults_1, dk_noncrumbling_3,
          minmay_guarded_unrand_resistance
Temple:   nicolae_temple_bog_church
IceCv:    ice_cave_small_giant

Skill      XL: |  1  2  3  4  5  6  7  8  9 10 11 12 13 |
---------------+----------------------------------------+-----
Fighting       | 1 2 3 4 5 8 11 13 15 16 17 | 17.0
Spellcasting   | 4 5 6 7 9 10 11 | 11.7
Evocations     | 2 8 |  8.0
Dodging        | |  2.4
Stealth        | |  1.7

Action                   |  1- 3 |  4- 6 |  7- 9 | 10-12 | 13-15 || total
-------------------------+-------+-------+-------+-------+-------++-------
Melee: Short sword       |     2 |       |       |       |       ||     2
       Flail             |       |       |     2 |       |       ||     2
       Staff             |       |       |       |     1 |       ||     1
 Cast: Freeze            |    34 |    19 |    17 |    22 |       ||    92
       Shock             |    13 |    77 |   101 |    59 |       ||   250
       Frozen Ramparts   |     3 |    17 |    31 |    27 |       ||    78
       Ozocubu's Armour  |       |     4 |    11 |    12 |     3 ||    30
       Scorch            |       |     4 |    72 |   218 |    41 ||   335
       Summon Ice Beast  |       |       |       |    27 |     6 ||    33
Evoke: Wand              |       |     1 |       |       |       ||     1
  Use: Scroll            |       |       |    13 |     9 |     5 ||    27
       Potion            |       |       |       |     1 |       ||     1
Armor: Robe              |     5 |     6 |     9 |    34 |     8 ||    62
Dodge: Dodged            |    17 |    18 |    13 |    67 |     5 ||   120
Block: Other             |       |       |       |    13 |       ||    13
       Reflection        |       |       |       |     3 |       ||     3

Table legend: (Time is in decaauts)
 A = Elapsed time spent in this place.
 B = Non-inter-level travel time spent in this place.
 C = Inter-level travel time spent in this place.
 D = Time resting spent in this place.
 E = Time spent auto-exploring this place.
 F = Levels seen in this place.
 G = Mean time per level.
                   A        B        C        D        E       F      G
               +--------+--------+--------+--------+--------+-----+--------+
         Total |  21508 |  21027 |    481 |   9749 |   8734 |  17 | 1265.2 |
       Dungeon |  16310 |  15843 |    467 |   5644 |   8333 |  13 | 1254.6 |
        Temple |    149 |    135 |     14 |      0 |    118 |   1 |  149.0 |
         Sewer |   1732 |   1732 |      0 |   1384 |     92 |   1 | 1732.0 |
        Bailey |    801 |    801 |      0 |    656 |     53 |   1 |  801.0 |
      Ice Cave |   2513 |   2513 |      0 |   2065 |    138 |   1 | 2513.0 |
               +--------+--------+--------+--------+--------+-----+--------+

Top non-repeatable levels by time:
     D:5: 2863 daAuts
     D:7: 2522 daAuts
   IceCv: 2513 daAuts
     D:4: 1980 daAuts
   Sewer: 1732 daAuts
     D:6: 1601 daAuts
     D:8: 1526 daAuts
     D:3: 1361 daAuts
    D:10: 1183 daAuts
     D:2: 1025 daAuts
     D:1: 1004 daAuts
  Bailey: 801 daAuts
     D:9: 700 daAuts
    D:11: 349 daAuts
    D:13: 170 daAuts
